 Dungeon Crawl Stone Soup version 0.19.1 (webtiles) character file.

433958 ImaNewbie the Impregnable (level 25, -9/207 HPs)
             Began as a Formicid Fighter on Dec 17, 2016.
             Was the Champion of Qazlal.
             Killed from afar by a halazid warlock (56 damage)
             ... with a ghostly fireball
             ... in the Desolation of Salt on Dec 18, 2016.
             The game lasted 04:31:26 (60819 turns).

ImaNewbie the Impregnable (Formicid Fighter)       Turns: 60819, Time: 04:31:27

Health: -9/207     AC: 43    Str: 33    XL:     25   Next: 14%
Magic:  16/34      EV: 18    Int: 10    God:    Qazlal [******]
Gold:   2521       SH: 29    Dex: 13    Spells: 1 memorised, 20 levels left

rFire  + . .     SeeInvis +     F - +4 great mace of Ifef {flame, +Rage rPois}
rCold  + . .     Gourm    .     S - +6 gold dragon scales
rNeg   . . .     Faith    .     c - +0 shield
rPois  +         Spirit   .     (helmet unavailable)
rElec  .         Reflect  +     Z - +2 cloak
rCorr  .         Harm     .     H - +0 pair of gloves
MR     ++...                    Y - +1 pair of boots {Fly}
Stlth  ..........               e - +6 amulet of reflection
                                L - +4 ring of evasion
                                z - +3 ring of protection

@: mighty, lethally poisoned (-9 -> -9), protected from physical damage, repel
missiles, drained
A: permanent stasis, dig shafts and tunnels, four strong arms, antennae 3
a: Dig, Shaft Self, Upheaval, Elemental Force, Disaster Area, Renounce Religion,
Evoke Flight
}: 2/15 runes: decaying, gossamer


You were in the Desolation of Salt.
You worshipped Qazlal.
Qazlal was exalted by your worship.
You were not hungry.

You visited 9 branches of the dungeon, and saw 40 of its levels.
You also visited: Wizlab and Desolation.

You collected 5221 gold pieces.
You spent 2700 gold pieces at shops.

Inventory:

Hand Weapons
 t - a +2 great mace of crushing
 w - a +3 antimagic great mace
 A - a +0 morningstar of holy wrath
 F - the +4 great mace of Ifef (weapon) {flame, +Rage rPois}
   (You bought it in a shop on level 14 of the Dungeon)

   It has been specially enchanted to burn those struck by it, causing extra
   injury to most foes and up to half again as much damage against particularly
   susceptible opponents.
   It protects you from poison.
   It lets you go berserk.
 Q - a +2 great mace of freezing
Armour
 c - a +0 shield (worn)
 j - quicksilver dragon scales
 H - a +0 pair of gloves (worn)
 S - +6 gold dragon scales (worn)
 T - the +9 plate armour of Pohiprulaq {rF+ rC+ Dex-2}
   (You bought it in a shop on level 2 of the Orcish Mines)

   It affects your dexterity (-2).
   It protects you from fire.
   It protects you from cold.
 Y - a +1 pair of boots of flying (worn)
 Z - a +2 cloak (worn)
Jewellery
 a - an uncursed ring of protection from cold
 e - a +6 amulet of reflection (around neck)
 z - a +3 ring of protection (left hand)
 L - a +4 ring of evasion (right hand)
 N - an uncursed ring of resist corrosion
 U - an uncursed ring of poison resistance
Wands
 k - a wand of lightning (4/15)
 v - a wand of paralysis (8/24)
 E - a wand of lightning (5/15)
 M - a wand of polymorph (16/24)
 P - a wand of iceblast (8/15)
Scrolls
 g - 4 scrolls of magic mapping
 l - 4 scrolls of silence
 q - 4 scrolls of fear
 r - a scroll of identify
 s - 17 scrolls of remove curse
 y - 3 scrolls of enchant weapon
 C - a scroll of torment
 D - a scroll of brand weapon
 I - 7 scrolls of recharging
 R - 7 scrolls of fog
Potions
 d - 3 potions of might
 f - 12 potions of curing
 h - 2 potions of heal wounds
 i - 5 potions of resistance
 n - a potion of agility
 G - 5 potions of lignification
 K - 4 potions of ambrosia
 O - 3 potions of cancellation
 V - 2 potions of flight
Comestibles
 b - 21 chunks of flesh
 m - 30 bread rations
 o - 14 royal jellies
 p - 16 fruits
 u - 24 meat rations
 J - a beef jerky
 W - a slice of pizza


   Skills:
 - Level 19.0(17.4) Fighting
 - Level 20.0(18.3) Maces & Flails
 - Level 21.3(19.7) Armour
 + Level 14.8(13.3) Dodging
 + Level 16.7(15.2) Shields
 - Level 15.0(13.5) Invocations


You had 20 spell levels left.
You knew the following spells:

 Your Spells              Type           Power        Failure   Level  Hunger
a - Passage of Golubria   Tloc           N/A          100%        4    #####..


Dungeon Overview and Level Annotations

Branches:
Dungeon (15/15)            Temple (1/1) D:6            Lair (6/6) D:9
  Swamp (4/4) Lair:4       Spider (4/4) Lair:2        Slime (0/5) Lair:6
    Orc (2/2) D:12            Elf (1/3) Orc:2        Vaults (4/5) D:14
  Crypt (0/3) Vaults:3     Depths (3/5) D:15

Altars:
Ashenzari
Dithmenos
Elyvilon
Hepliaklqana
Kikubaaqudgha
Makhleb
Nemelex Xobeh
Okawaru
Qazlal
Ru
Sif Muna
Trog
Vehumet
Yredelemnul
The Shining One
Beogh

Shops:
D:5 }   D:6 ?   D:10 (   D:14 [*(   Orc:2 [(((   Vaults:1 (   Vaults:2 *

Portals:
Hell: Depths:1 Depths:2 Depths:3
Pandemonium: Depths:2 Depths:3
Ziggurat: Depths:2

Annotations:
Spider:2 exclusion: downstairs
Vaults:4 exclusion: 2 doors
Depths:1 1 runed door
Depths:3 exclusion: orange crystal statue


Innate Abilities, Weirdness & Mutations

You are under a permanent stasis effect.
You can dig through walls and to a lower floor.
Your four strong arms can wield two-handed weapons with a shield.
You have a pair of large antennae on your head. (SInv)


Message History

You block the saltling's attack.
The ragged hierophant mumbles some strange words.
The ragged hierophant begins to accept its allies' injuries.
You block the molten gargoyle's attack. The saltling hits you!
* * * LOW HITPOINT WARNING * * *
You feel more protected from physical attacks.
The ironbrand convoker points at the molten gargoyle and mumbles some strange words.
The molten gargoyle seems to grow stronger. 2 saltlings and a peacekeeper come into view.
Unknown command.
Unknown command.
You feel much better.
The peacekeeper no longer looks unusually strong.
You block the peacekeeper's attack. x2; The saltling misses you.
The saltling hits you!
* * * LOW HITPOINT WARNING * * *
The halazid warlock points at the molten gargoyle and mumbles some strange words.
The molten gargoyle's animating energy erupts into ghostly fire!
The ghostly flame explodes!
The ghostly fireball engulfs you!
You feel drained.
You die...

.......888......
........@8......
................
........8.......
....#.≈.........
.p...≈....p.....
.....≈≈≈.p......
........8.......
..........#.8..


You could see a ragged hierophant, 3 servants of whispers, 2 imperial myrmidons,
a halazid warlock, an ironbrand convoker, 3 peacekeepers, a molten gargoyle and
11 saltlings.

Vanquished Creatures
  A juggernaut (Depths:3)
  Margery (D:15)
  Nikola (Spider:2)
  A golden dragon (Depths:3)
  Arachne (Spider:1)
  3 liches
  2 quicksilver dragons
  A tentacled monstrosity (Swamp:4)
  A titan (Depths:3)
  Frances (D:14)
  3 sphinxes
  Kirke (Lair:4)
  A thorn hunter (Swamp:4)
  7 tengu reavers
  A storm dragon (shapeshifter) (Depths:2)
  A storm dragon (Vaults:4)
  9 fire giants
  6 frost giants
  Aizul (Spider:1)
  An orc warlord (Orc:2)
  2 iron dragons (Depths:3)
  2 ghost moths
  A deep elf sorcerer (Vaults:2)
  13 vault wardens
  6 emperor scorpions
  2 war gargoyles
  A draconian annihilator (Depths:2)
  9 stone giants
  20 very ugly things
  10 ironheart preservers
  A spriggan defender (Depths:3)
  8 entropy weavers
  The ghost of BoredOne the Severer, a journeyman MiFi of Makhleb (Orc:2)
  A vampire knight (Vaults:3)
  A deep elf demonologist (Vaults:4)
  Azrael (Spider:3)
  10 purple draconians (WizLab)
  9 spark wasps
  3 deep elf annihilators
  Snorg (Lair:5)
  8 statues (WizLab)
  2 crystal guardians
  A deep elf high priest (Vaults:4)
  9 ettins
  Josephine (Lair:3)
  2 ragged hierophants (Desolation)
  10 yaktaur captains
  5 great orbs of eyes
  10 fire dragons
  26 hydras
  5 ice dragons
  Erolcha (D:13)
  A ghost crab (shapeshifter) (D:15)
  4 peacekeepers
  5 spriggan air magi
  6 rakshasas
  9 vault guards
  10 centaur warriors
  4 death knights
  13 ogre magi
  A ghost crab (Swamp:4)
  10 death yaks
  A queen ant (Spider:2)
  11 alligators
  A deep troll shaman (Vaults:3)
  9 deep troll earth magi
  5 dancing weapons
  2 spriggan berserkers
  6 tengu warriors
  2 vampire magi
  Urug (D:14)
  A shock serpent (Depths:1)
  2 orc high priests (Orc:2)
  9 deep elf knights
  9 hell knights
  2 shock serpents (shapeshifter)
  Sonja (D:13)
  3 skeletal warriors (Vaults:2)
  2 spriggan druids
  A deep troll (shapeshifter) (Vaults:3)
  2 shadow wraiths (Vaults:4)
  2 flayed ghosts
  4 unseen horrors
  9 swamp dragons
  4 glowing orange brains
  12 deep trolls
  13 orc knights
  9 deep elf archers
  27 wolf spiders
  5 necromancers
  5 hill giants
  A golden dragon skeleton (Depths:3)
  14 ironbrand convokers
  6 wizards
  2 shambling mangroves
  A phantasmal warrior (Vaults:4)
  A tengu skeleton (Depths:3)
  A fire giant zombie (Vaults:1)
  A mana viper (Depths:2)
  48 ugly things
  3 orc sorcerers
  A manticore (D:15)
  20 orb spiders
  7 cyclopes
  46 deep elf magi
  A manticore (shapeshifter) (D:15)
  3 moths of wrath (Spider:3)
  A guardian serpent (shapeshifter) (Depths:1)
  5 naga magi
  17 elephants
  A stone giant skeleton (Depths:1)
  6 black mambas
  3 centaur zombies
  14 vault sentinels
  35 spiny frogs
  3 torpor snails
  A gargoyle (D:11)
  2 yaktaur zombies (Vaults:1)
  The ghost of monokles the Grave Robber, a novice DsNe (D:5)
  2 efreet
  17 demonic crawlers
  A spiny frog (shapeshifter) (Vaults:3)
  10 komodo dragons
  2 rime drakes
  5 freezing wraiths
  25 yaktaurs
  7 tengu conjurers
  6 meliai
  44 jumping spiders
  11 trolls
  An entropy weaver simulacrum (Vaults:2)
  10 hornets
  A queen bee (Lair:4)
  Prince Ribbit (D:7)
  12 saltlings (Desolation)
  24 two-headed ogres
  A harpy skeleton (D:13)
  2 blink frogs (shapeshifter)
  45 slime creatures
  12 tyrant leeches
  3 blink frogs (Lair:1)
  5 bog bodies
  15 hippogriffs
  2 hippogriffs (shapeshifter)
  An ettin skeleton (Depths:1)
  A fire dragon skeleton (Depths:1)
  2 water elementals
  2 tarantellas (shapeshifter)
  A spriggan skeleton (Depths:1)
  105 redbacks
  A shadow (D:15)
  8 wraiths
  2 spriggans
  3 fire elementals (Spider:3)
  3 wyverns
  35 tarantellas
  5 vampires
  A hog (shapeshifter) (Depths:2)
  A yak (shapeshifter) (D:15)
  3 hogs (Lair:4)
  2 basilisks
  26 yaks
  A golden eye (shapeshifter) (Depths:3)
  19 humans (D:14)
  17 vampire mosquitoes
  27 insubstantial wisps
  4 hungry ghosts
  2 mottled dragons (Vaults:1)
  A warg (Orc:1)
  12 water moccasins
  21 swamp worms
  22 soldier ants
  7 porcupines
  48 orc warriors
  A floating eye (Depths:3)
  2 hell hounds (Spider:3)
  A porcupine (shapeshifter) (D:15)
  14 swamp drakes
  2 sky beasts
  2 eyes of draining
  48 ogres
  3 phantoms
  14 wolves
  An elf simulacrum (Depths:3)
  7 ice beasts
  9 boggarts
  3 black bears
  A necrophage (D:10)
  An ogre (shapeshifter) (Depths:3)
  24 centaurs
  7 crocodiles
  24 bullfrogs
  2 gnoll sergeants
  3 big kobolds
  An earth elemental (Elf:1)
  A glowing shapeshifter simulacrum (Depths:3)
  5 scorpions
  An orc simulacrum (Vaults:2)
  21 killer bees
  9 electric eels
  16 wights
  A howler monkey (D:11)
  9 crimson imps
  A lava snake (D:14)
  3 jellies
  A centaur skeleton (D:10)
  7 gnoll shamans
  A bullfrog skeleton (D:11)
  7 hounds
  33 orc priests
  36 orc wizards
  Ijyb (D:2)
  5 iguanas
  32 worker ants
  Natasha (thrice) (D:2)
  2 hound zombies
  2 hound skeletons
  47 gnolls
  2 worker ant zombies
  6 river rats (D:9)
  14 adders
  A shadow imp (D:10)
  An ooze (D:5)
  2 adder skeletons
  9 worms
  6 dart slugs
  5 leopard geckos
  137 orcs
  5 giant cockroaches
  13 goblins
  11 hobgoblins
  29 jackals
  21 kobolds
  4 quokkas
  3 ball pythons
  A ball python skeleton (D:4)
  26 bats
  8 frilled lizards
  2 jackal skeletons
  A leopard gecko zombie (D:7)
  A quokka skeleton (D:7)
  16 rats
  33 fungi
  23 plants
2135 creatures vanquished.

Vanquished Creatures (collateral kills)
  A ragged hierophant (Desolation)
  An ironbrand convoker (Desolation)
  A guardian serpent (Desolation)
  4 saltlings (Desolation)
  A soldier ant (Spider:2)
8 creatures vanquished.

Vanquished Creatures (others)
  Asterion (Depths:3)
  A deep elf master archer (Depths:2)
  A ghost moth (Spider:4)
  A statue (WizLab)
  2 hydras
  A centaur warrior (Vaults:4)
  An alligator (Swamp:3)
  A skeletal warrior (Vaults:2)
  A deep elf archer (Elf:1)
  An orc sorcerer (Vaults:3)
  A spiny frog (Swamp:1)
  7 yaktaurs
  A saltling (Desolation)
  A tyrant leech (Swamp:1)
  A tarantella (Spider:3)
  A swamp drake (Swamp:4)
  A sky beast (shapeshifter) (Depths:1)
  3 centaurs (Vaults:4)
  An orc wizard (D:12)
  18 fungi
  39 plants
85 creatures vanquished.

Grand Total: 2228 creatures vanquished

Notes
Turn   | Place    | Note
-------+----------+-------------------------------------------
     0 | D:1      | ImaNewbie the Formicid Fighter began the quest for the Orb.
     0 | D:1      | Reached XP level 1. HP: 18/18 MP: 1/1
   280 | D:1      | Reached XP level 2. HP: 24/24 MP: 2/2
   559 | D:1      | Reached XP level 3. HP: 24/29 MP: 3/3
  1005 | D:1      | Reached XP level 4. HP: 31/35 MP: 4/4
  1060 | D:2      | Noticed Ijyb
  1075 | D:2      | Killed Ijyb
  1360 | D:2      | Reached XP level 5. HP: 38/41 MP: 5/5
  1453 | D:2      | Reached skill level 5 in Maces & Flails
  1486 | D:2      | Found a shadowy altar of Dithmenos.
  1868 | D:2      | Found a faded altar of an unknown god.
  2272 | D:2      | Noticed Natasha
  2278 | D:2      | Killed Natasha
  2660 | D:2      | Reached XP level 6. HP: 26/47 MP: 6/6
  2808 | D:2      | Found a shadowy altar of Dithmenos.
  2987 | D:2      | Found a faded altar of an unknown god.
  3646 | D:2      | Noticed Natasha
  3653 | D:2      | Killed Natasha
  3663 | D:2      | Noticed Natasha
  3666 | D:2      | Killed Natasha
  3666 | D:2      | Reached XP level 7. HP: 47/52 MP: 7/7
  4519 | D:3      | Found a bloodstained altar of Trog.
  5425 | D:5      | Entered Level 5 of the Dungeon
  5430 | D:5      | Found Curcheiwul's Gadget Shop.
  5593 | D:5      | Reached XP level 8. HP: 27/58 MP: 5/8
  6025 | D:5      | Noticed monokles's ghost (novice DsNe)
  6399 | D:5      | Killed monokles's ghost
  6399 | D:5      | Reached skill level 10 in Maces & Flails
  6711 | D:6      | Found a staircase to the Ecumenical Temple.
  6713 | D:6      | Found an iron altar of Okawaru.
  6731 | Temple   | Entered the Ecumenical Temple
  6760 | Temple   | Reached XP level 9. HP: 50/64 MP: 9/9
  6850 | Temple   | Became a worshipper of Qazlal Stormbringer
  6869 | D:6      | Found Kazxelih's Magic Scroll Boutique.
  6991 | D:6      | Found a sparkling altar of Nemelex Xobeh.
  7481 | D:6      | Reached * piety under Qazlal
  8024 | D:6      | Reached ** piety under Qazlal
  8634 | D:7      | Reached XP level 10. HP: 56/71 MP: 6/10
  8810 | D:7      | Noticed Prince Ribbit
  8821 | D:7      | Killed Prince Ribbit
  8828 | D:7      | Reached skill level 5 in Fighting
  9686 | D:8      | Found a sacrificial altar of Ru.
  9713 | D:8      | Reached skill level 4 in Armour
 10613 | D:8      | Gained mutation: You occasionally shout uncontrollably at your foes. [potion of mutation]
 10613 | D:8      | Gained mutation: You have sharp toenails. [potion of mutation]
 10613 | D:8      | Gained mutation: You are agile. (Dex +2) [potion of mutation]
 10614 | D:8      | Gained mutation: You are weak. (Str -2) [potion of mutation]
 10614 | D:8      | Gained mutation: You are surrounded by a mild repulsion field. (EV +2) [potion of mutation]
 10614 | D:8      | Lost mutation: You have sharp toenails. [potion of mutation]
 10615 | D:8      | Lost mutation: You are weak. (Str -2) [potion of cure mutation]
 10615 | D:8      | Lost mutation: You occasionally shout uncontrollably at your foes. [potion of cure mutation]
 10615 | D:8      | Lost mutation: You are agile. (Dex +2) [potion of cure mutation]
 10615 | D:8      | Lost mutation: You are surrounded by a mild repulsion field. (EV +2) [potion of cure mutation]
 10823 | D:9      | Reached skill level 5 in Armour
 10901 | D:9      | Reached *** piety under Qazlal
 11146 | D:9      | Found a staircase to the Lair.
 11151 | D:9      | Reached skill level 6 in Armour
 11217 | D:9      | Found a hazy altar of Hepliaklqana.
 11217 | D:9      | Found a radiant altar of Vehumet.
 11348 | D:9      | Found a burning altar of Makhleb.
 11459 | D:10     | Entered Level 10 of the Dungeon
 11523 | D:10     | Reached XP level 11. HP: 81/81 MP: 11/11
 11851 | D:10     | Reached **** piety under Qazlal
 11851 | D:10     | Reached skill level 7 in Armour
 11986 | D:10     | Found Qowiedo's Weapon Shop.
 11995 | D:10     | Noticed a hill giant
 12010 | D:10     | Killed a hill giant
 12020 | D:10     | Reached skill level 8 in Armour
 12324 | D:10     | You fall through a shaft!
 12661 | Lair:1   | Entered Level 1 of the Lair of Beasts
 12720 | Lair:1   | Reached skill level 9 in Armour
 12725 | Lair:1   | Noticed a four-headed hydra
 12740 | Lair:1   | Killed a four-headed hydra
 12856 | Lair:1   | Reached skill level 10 in Armour
 13105 | Lair:1   | Reached XP level 12. HP: 86/92 MP: 10/12
 13398 | Lair:2   | Reached ***** piety under Qazlal
 13402 | Lair:2   | Reached skill level 11 in Armour
 13806 | Lair:2   | Found a hole to the Spider Nest.
 14041 | Lair:3   | Noticed a death yak
 14041 | Lair:3   | Noticed a death yak
 14041 | Lair:3   | Noticed a death yak
 14041 | Lair:3   | Noticed a death yak
 14059 | Lair:2   | Killed a death yak
 14370 | Lair:3   | Killed a death yak
 14387 | Lair:2   | Killed a death yak
 14387 | Lair:2   | Reached skill level 12 in Armour
 14580 | Lair:3   | Killed a death yak
 14603 | Lair:3   | Noticed an eight-headed hydra
 14626 | Lair:3   | Killed an eight-headed hydra
 14780 | Lair:3   | Reached skill level 10 in Fighting
 14780 | Lair:3   | Reached skill level 13 in Armour
 14782 | Lair:3   | Reached XP level 13. HP: 90/103 MP: 11/13
 14789 | Lair:3   | Reached skill level 1 in Invocations
 15436 | Lair:4   | Noticed Josephine
 15469 | Lair:3   | Killed Josephine
 15469 | Lair:3   | Reached skill level 5 in Invocations
 15961 | Lair:3   | Reached skill level 14 in Armour
 16417 | Lair:4   | Noticed Kirke
 16532 | Lair:4   | Killed Kirke
 16656 | Lair:4   | Found a staircase to the Swamp.
 17268 | Lair:5   | Noticed Snorg
 17468 | Lair:5   | Reached XP level 14. HP: 109/110 MP: 20/20
 17483 | Lair:5   | Reached skill level 15 in Armour
 17653 | Lair:5   | Killed Snorg
 18732 | Lair:6   | Entered Level 6 of the Lair of Beasts
 18770 | Lair:6   | Reached skill level 10 in Invocations
 19048 | Lair:6   | Reached ****** piety under Qazlal
 19185 | Lair:6   | Reached skill level 5 in Shields
 20590 | Lair:6   | Found a staircase to the Slime Pits.
 20799 | Lair:6   | Reached XP level 15. HP: 113/115 MP: 23/23
 21064 | Swamp:1  | Entered Level 1 of the Swamp
 22687 | D:12     | Found a staircase to the Orcish Mines.
 22798 | D:12     | Reached skill level 15 in Maces & Flails
 23320 | Orc:1    | Entered Level 1 of the Orcish Mines
 23393 | Orc:2    | Entered Level 2 of the Orcish Mines
 23393 | Orc:2    | Found a staircase to the Elven Halls.
 23582 | Orc:2    | Noticed BoredOne's ghost (journeyman MiFi)
 23840 | Orc:2    | Killed BoredOne's ghost
 25046 | Orc:2    | Found a roughly hewn altar of Beogh.
 25083 | Orc:2    | Found Sedots's Antique Weapon Emporium.
 25187 | Orc:2    | Found a roughly hewn altar of Beogh.
 25359 | Orc:2    | Found a roughly hewn altar of Beogh.
 25432 | Orc:2    | Found a roughly hewn altar of Beogh.
 25444 | Orc:2    | Found a roughly hewn altar of Beogh.
 25782 | Orc:2    | Found a roughly hewn altar of Beogh.
 25848 | Orc:2    | Found Saotim's Antique Weapon Shop.
 25853 | Orc:2    | Bought a runed demon whip for 630 gold pieces
 26204 | Orc:2    | Noticed an orc warlord
 26257 | Orc:2    | Killed an orc warlord
 26278 | Orc:2    | Found Lilesoil's Antique Weapon Shoppe.
 26390 | Orc:2    | Found Bujasieg's Antique Armour Emporium.
 26391 | Orc:2    | Found a roughly hewn altar of Beogh.
 26425 | Orc:2    | Bought a brightly glowing plate armour for 504 gold pieces
 26435 | Orc:2    | Identified the +9 plate armour of Pohiprulaq {rF+ rC+ Dex-2} (You bought it in a shop on level 2 of the Orcish Mines)
 26654 | Spider:1 | Entered Level 1 of the Spider Nest
 26694 | Spider:1 | Reached XP level 16. HP: 127/127 MP: 24/24
 27256 | Lair:2   | HP: 3/127 [entropy weaver (16)]
 27256 | Lair:2   | HP: 1/127 [entropy weaver (2)]
 28357 | Spider:2 | Noticed Aizul
 28377 | Spider:1 | Killed Aizul
 29144 | Spider:2 | Noticed Arachne
 30717 | Swamp:2  | Found a shattered altar of Ashenzari.
 31308 | Swamp:3  | Reached XP level 17. HP: 109/133 MP: 27/27
 32287 | D:5      | Bought a wand of lightning (7/15) for 154 gold pieces
 32583 | Swamp:3  | Gained mutation: You are partially covered in rugged brown scales. (AC +1, +3% HP) [potion of beneficial mutation]
 32625 | Swamp:4  | Entered Level 4 of the Swamp
 32791 | Swamp:4  | HP: 8/204 [six-headed hydra (8)]
 32793 | Swamp:4  | HP: 3/204 [seven-headed hydra (5)]
 32797 | Swamp:4  | HP: 1/204 [insubstantial wisp/static electricity (4)]
 32812 | Swamp:4  | HP: 6/204 [five-headed hydra (6)]
 33286 | Swamp:4  | Noticed a thorn hunter
 33307 | Swamp:4  | Killed a thorn hunter
 33459 | Swamp:4  | Noticed a tentacled monstrosity
 33519 | Swamp:4  | Killed a tentacled monstrosity
 33911 | Swamp:4  | Reached skill level 15 in Invocations
 34655 | Swamp:4  | Got a decaying rune of Zot
 35667 | Spider:2 | Noticed Nikola
 35689 | Spider:2 | Killed Nikola
 36252 | Spider:1 | Killed Arachne
 36252 | Spider:1 | Reached XP level 18. HP: 127/151 MP: 25/29
 36915 | Spider:2 | Reached skill level 15 in Fighting
 36935 | Spider:2 | Reached skill level 1 in Dodging
 37433 | Spider:3 | Noticed Azrael
 37736 | Spider:3 | Killed Azrael
 37832 | Spider:3 | Reached skill level 5 in Dodging
 38771 | Spider:4 | Entered Level 4 of the Spider Nest
 40063 | Spider:4 | Reached XP level 19. HP: 145/159 MP: 28/30
 40464 | Spider:4 | Reached skill level 10 in Dodging
 41263 | Spider:4 | Got a gossamer rune of Zot
 41782 | D:13     | Noticed Sonja
 41794 | D:13     | Killed Sonja
 41971 | D:13     | Noticed Erolcha
 41980 | D:13     | Killed Erolcha
 42799 | D:14     | Noticed Frances
 42814 | D:14     | Killed Frances
 42830 | D:14     | Noticed Urug
 42867 | D:14     | Killed Urug
 42954 | D:14     | Gained mutation: Armour fits poorly on your strangely shaped body. [potion of mutation]
 42954 | D:14     | Gained mutation: You expend magic power (3 MP) to strengthen your wands. [potion of mutation]
 42954 | D:14     | Gained mutation: You are partially covered in molten scales. (AC +2) [potion of mutation]
 42955 | D:14     | Lost mutation: You expend magic power (3 MP) to strengthen your wands. [potion of cure mutation]
 42955 | D:14     | Lost mutation: Armour fits poorly on your strangely shaped body. [potion of cure mutation]
 42955 | D:14     | Lost mutation: You are partially covered in rugged brown scales. (AC +1, +3% HP) [potion of cure mutation]
 42955 | D:14     | Lost mutation: You are partially covered in molten scales. (AC +2) [potion of cure mutation]
 43309 | D:14     | Found Siashrof's Antique Weapon Boutique.
 43313 | D:14     | Bought a fine great mace for 345 gold pieces
 43313 | D:14     | Identified the +4 great mace of Ifef {flame, +Rage rPois} (You bought it in a shop on level 14 of the Dungeon)
 43589 | D:14     | Found Voqoaf's Assorted Antiques.
 43696 | D:14     | Found a gate to the Vaults.
 43763 | D:14     | Found Iqoem's Antique Armour Shoppe.
 43781 | D:14     | Bought a pair of embroidered boots for 346 gold pieces
 43903 | D:15     | Entered Level 15 of the Dungeon
 44075 | D:15     | Reached skill level 16 in Armour
 44147 | D:15     | Reached XP level 20. HP: 146/162 MP: 28/31
 44653 | D:15     | Found a staircase to the Depths.
 44855 | Vaults:1 | Entered Level 1 of the Vaults
 44931 | Vaults:1 | Found a magical portal.
 44941 | WizLab   | Entered Iskenderun's Mystic Tower
 46453 | WizLab   | Reached skill level 17 in Armour
 46454 | WizLab   | Identified Iskenderun's Reference Book on Attacks
 46454 | WizLab   | Identified Iskenderun's Almanac of Conjuration
 46501 | WizLab   | Identified Suohud's Disquisition on Destructive Bewitchment
 46508 | WizLab   | Learned a level 4 spell: Passage of Golubria
 47050 | Vaults:1 | Found Bapyge's Weapon Shop.
 47058 | Vaults:1 | Bought a +3 antimagic great mace for 657 gold pieces
 47774 | Vaults:1 | Reached XP level 21. HP: 173/173 MP: 32/32
 48224 | Vaults:2 | Reached skill level 18 in Armour
 48445 | Vaults:2 | Found Joaruyruity's Assorted Antiques.
 48553 | Vaults:2 | Found a portal to a secret trove of treasure.
 48708 | Vaults:2 | Got a warped shield
 48748 | Vaults:2 | Identified the cursed +0 shield of the Original Sin {rC++ Int+6 Dex-4} (You found it on level 2 of the Vaults)
 49894 | Vaults:3 | Reached skill level 19 in Armour
 50280 | Vaults:3 | Reached XP level 22. HP: 177/186 MP: 33/33
 51345 | Vaults:3 | Found a staircase to the Crypt.
 51780 | Vaults:4 | Reached skill level 20 in Armour
 51801 | Vaults:4 | Reached skill level 10 in Shields
 53244 | Vaults:4 | Reached XP level 23. HP: 194/194 MP: 34/34
 54005 | D:14     | Bought a ring of protection for 64 gold pieces
 54642 | Depths:1 | Entered Level 1 of the Depths
 54977 | Depths:1 | Noticed Margery
 55116 | D:15     | Killed Margery
 55452 | Depths:1 | Found a gateway to Hell.
 55573 | Depths:1 | Found a runed door.
 55669 | Depths:1 | Reached skill level 21 in Armour
 56856 | Depths:2 | Reached XP level 24. HP: 171/201 MP: 34/34
 57582 | Depths:2 | Found a one-way gate leading to the halls of Pandemonium.
 57742 | Depths:2 | Found a gateway to a ziggurat.
 58040 | Depths:2 | Got a heavily runed chain mail
 58051 | Depths:2 | Identified the +6 chain mail "Qatouwie" {Regen+} (You found it on level 2 of the Depths)
 58140 | Depths:3 | Got a smoking ring mail
 58159 | Depths:2 | Identified the +5 ring mail "Omnuic" {rElec rC+ Dex+2} (You found it on level 3 of the Depths)
 58273 | Depths:3 | Noticed a golden dragon
 58364 | Depths:3 | Killed a golden dragon
 58524 | Depths:3 | Reached skill level 15 in Shields
 58612 | Depths:3 | Noticed Asterion
 58624 | Depths:3 | Killed Asterion
 59537 | Depths:3 | Noticed a juggernaut
 59557 | Depths:3 | Killed a juggernaut
 60617 | Elf:1    | Entered Level 1 of the Elven Halls
 60661 | Elf:1    | Reached XP level 25. HP: 192/207 MP: 34/34
 60754 | Elf:1    | Found a ruined gateway.
 60773 | Desolati | Entered the Desolation of Salt
 60819 | Desolati | Killed from afar by a halazid warlock

Skill      XL: |  1  2  3  4  5  6  7  8  9 10 11 12 13 14 15 16 17 18 19 20 21 22 23 24 |
---------------+-------------------------------------------------------------------------+-----
Maces & Flails | 3 4 5 6 8 10 12 13 14 16 17 18 20 | 20.0
Fighting       | 4 5 7 10 12 14 15 16 18 19 | 19.0
Armour         | 6 10 13 14 15 16 17 19 20 21 | 21.3
Invocations    | 9 11 13 15 | 15.0
Shields        | 9 11 13 16 | 16.7
Dodging        | 9 10 11 12 14 | 14.8

Action                   |  1- 3 |  4- 6 |  7- 9 | 10-12 | 13-15 | 16-18 | 19-21 | 22-24 | 25-27 || total
-------------------------+-------+-------+-------+-------+-------+-------+-------+-------+-------++-------
Melee: Flail             |   100 |   183 |   408 |   422 |  1456 |       |       |       |       ||  2569
       Whip              |       |       |    74 |   277 |       |       |       |       |       ||   351
       Demon whip        |       |       |       |       |   111 |       |       |       |       ||   111
       Dire flail        |       |       |       |       |    74 |  1887 |   498 |       |       ||  2459
       Great mace        |       |       |       |       |       |       |  1240 |  1499 |    51 ||  2790
Invok: Disaster Area     |       |       |       |       |     4 |     1 |       |       |     2 ||     7
       Upheaval          |       |       |       |       |       |     2 |     8 |     5 |     1 ||    16
       Elemental Force   |       |       |       |       |       |     1 |       |     1 |     1 ||     3
 Abil: Dig               |       |       |       |     1 |     1 |     9 |     7 |     2 |       ||    20
       Stop Flying       |       |       |       |       |       |       |     1 |       |       ||     1
Evoke: Wand              |       |       |       |       |       |     3 |       |       |       ||     3
  Use: Scroll            |       |     1 |     9 |     9 |     9 |     3 |     5 |     9 |     2 ||    47
       Potion            |       |       |       |     4 |     1 |    15 |     2 |       |     3 ||    25
 Stab: Sleeping          |       |     1 |       |       |       |       |       |       |       ||     1
       Distracted        |       |       |       |       |       |       |     1 |     1 |       ||     2
  Eat: Chunk             |       |     9 |    16 |    22 |    38 |    31 |    32 |    34 |     1 ||   183
       Beef jerky        |       |       |       |       |     2 |     3 |     2 |       |       ||     7
       Pizza             |       |       |       |       |       |     4 |       |       |       ||     4
       Meat ration       |       |       |       |       |       |     1 |       |       |       ||     1
Armor: Scale mail        |    31 |       |   165 |    16 |       |       |       |       |       ||   212
       Leather armour    |    12 |    24 |     8 |       |       |       |       |       |       ||    44
       Plate armour      |       |       |       |   182 |   504 |   936 |   351 |   238 |       ||  2211
       Skin              |       |       |       |    39 |       |   111 |       |       |     1 ||   151
       Gold dragon scale |       |       |       |       |       |       |       |    45 |    23 ||    68
       Quicksilver drago |       |       |       |       |       |       |       |     7 |     4 ||    11
Dodge: Dodged            |    33 |    59 |   128 |   141 |   381 |   654 |   395 |   388 |    43 ||  2222
       Deflected         |       |       |       |     1 |     6 |     6 |    20 |    40 |     1 ||    74
Block: Shield            |    58 |   106 |   259 |   412 |  1284 |  1812 |  1065 |  1430 |   165 ||  6591
       Reflection        |       |       |       |       |       |       |       |   105 |    10 ||   115
